 Dungeon Crawl Stone Soup version 0.22-a0-419-g492bfec (webtiles) character file.

4627 Mgcat the Frost Mage (level 10, -4/63 HPs)
             Began as a Mummy Ice Elementalist on May 15, 2018.
             Was a Believer of Vehumet.
             Slain by a small abomination (7 damage)
             ... summoned by miscasting Summon Ice Beast
             ... on level 9 of the Dungeon.
             The game lasted 00:31:23 (10351 turns).

Mgcat the Frost Mage (Mummy Ice Elementalist)      Turns: 10351, Time: 00:31:23

Health: -4/63      AC:  9    Str: 13    XL:     10   Next: 19%
Magic:  18/20      EV: 12    Int: 17    God:    Vehumet [**....]
Gold:   425        SH:  0    Dex: 12    Spells: 5/23 levels left

rFire    x . .     SeeInvis .   j - +5 club
rCold    + . .     Gourm    .   (no shield)
rNeg     + + +     Faith    .   a - +0 robe
rPois    ∞         Spirit   .   o - +2 helmet
rElec    .         Reflect  .   e - +1 cloak
rCorr    .         Harm     .   (no gloves)
MR       +....                  n - +1 pair of boots
Stlth    ++........             q - amulet of magic regeneration
HPRegen  0.20/turn              (no ring)
MPRegen  0.42/turn              (no ring)

@: no status effects
A: no food or potions, fire vulnerability, cold resistance 1, negative energy
resistance 3, torment resistance, unbreathing
a: Renounce Religion


You were on level 9 of the Dungeon.
You worshipped Vehumet.
Vehumet was pleased with you.
You were not hungry.

You visited 2 branches of the dungeon, and saw 10 of its levels.

You collected 425 gold pieces.

Inventory:

Hand Weapons
 j - a +5 club (weapon)
   (You took it off Ijyb on level 3 of the Dungeon)
Missiles
 p - a throwing net {=f, !d}
Armour
 a - a +0 robe (worn)
 b - a +0 helmet
   (You found it on level 1 of the Dungeon)
 e - a +1 cloak (worn)
   (You found it on level 1 of the Dungeon)
 n - a +1 pair of boots (worn)
   (You found it on level 5 of the Dungeon)
 o - a +2 helmet (worn)
   (You found it on level 5 of the Dungeon)
Jewellery
 q - an amulet of magic regeneration (around neck)
   (You found it on level 5 of the Dungeon)
Wands
 i - a wand of clouds (5)
   (You took it off Ijyb on level 3 of the Dungeon)
 s - a wand of flame (28)
   (You found it on level 6 of the Dungeon)
 u - a wand of acid (6)
   (You found it on level 8 of the Dungeon)
Scrolls
 c - a scroll of random uselessness {unknown}
 d - 3 scrolls of amnesia
 f - a scroll of fog {unknown}
 g - 2 scrolls of immolation {!r}
 k - 3 scrolls of remove curse
 l - a scroll of blinking {!r}
 m - 2 scrolls of teleportation
 t - a scroll of fear


   Skills:
 - Level 1.5 Dodging
 - Level 1.5 Stealth
 - Level 7.0 Spellcasting
 + Level 7.6 Conjurations
 - Level 3.0 Charms
 + Level 2.5 Summonings
 + Level 8.2 Ice Magic


You had 5 spell levels left.
You knew the following spells:

 Your Spells              Type           Power        Failure   Level  Hunger
a - Freeze                Ice            ####         1%          1    N/A
b - Throw Frost           Conj/Ice       ####..       1%          2    N/A
c - Ozocubu's Armour      Chrm/Ice       ####....     3%          3    N/A
d - Throw Icicle          Conj/Ice       ####....     4%          4    N/A
e - Summon Ice Beast      Ice/Summ       ###.....     13%         4    N/A
f - Flame Tongue          Conj/Fire      ###..        2%          1    N/A
g - Conjure Flame         Conj/Fire      ###.....     7%          3    N/A

Your spell library contained the following spells:

 Spells                   Type           Power        Failure   Level  Hunger
 Magic Dart               Conj           ####         1%          1    N/A
 Iskenderun's Mystic Bla  Conj           ####....     4%          4    N/A
 Fulminant Prism          Conj/Hex       ###.......   24%         4    N/A
 Dazzling Spray           Conj/Hex       ###...       7%          3    N/A
 Force Lance              Conj/Tloc      ###.....     24%         4    N/A
 Searing Ray              Conj           ####..       1%          2    N/A

Dungeon Overview and Level Annotations

Branches:
Dungeon (9/15)             Temple (1/1) D:4
   Lair: D:8-11         Orc: D:9-12

Altars:
Ashenzari
Cheibriados
Elyvilon
Fedhas
Gozag
Hepliaklqana
Kikubaaqudgha
Nemelex Xobeh
Okawaru
Qazlal
Sif Muna
Trog
Uskayaw
Vehumet
Wu Jian
Xom
Yredelemnul
Zin
The Shining One


Innate Abilities, Weirdness & Mutations

You do not eat or drink.
Your flesh is vulnerable to fire.
You are immune to poison.
Your flesh is cold resistant. (rC+)
You are immune to negative energy. (rN+++)
You are immune to unholy pain and torment.
You can survive without breathing.


Message History

Your surroundings suddenly seem different.
As you read the scroll of identify, it crumbles to dust.
r - 2 scrolls of enchant armour
As you read the scroll of enchant armour, it crumbles to dust.
Your +0 cloak glows green for a moment.
As you read the scroll of enchant armour, it crumbles to dust.
Your +0 pair of boots glows green for a moment.
As you read the scroll of identify, it crumbles to dust.
t - a scroll of fear
As you read the scroll of identify, it crumbles to dust.
l - a scroll of blinking Your magical contamination has completely faded away.
Unknown command.
A necrophage comes into view.
The necrophage hits you.
* * * LOW HITPOINT WARNING * * *
You feel terrible.
Casting: Freeze (safe; 1% risk of failure)
Confirm with . or Enter, or press ? or * to list all spells.
Aiming: Freeze (safe; 1% risk of failure)
Press: ? - help, Shift-Dir - straight line, f - necrophage
Aim: a necrophage You freeze the necrophage.
The necrophage resists.
The necrophage is lightly damaged.
The necrophage barely misses you.
Casting: Freeze (safe; 1% risk of failure)
Confirm with . or Enter, or press ? or * to list all spells.
Aiming: Freeze (safe; 1% risk of failure)
Press: ? - help, Shift-Dir - straight line, f/p - necrophage
Aim: a necrophage (lightly damaged)
You freeze the necrophage.
The necrophage resists.
The necrophage is moderately damaged.
The necrophage barely misses you.
Casting: Freeze (safe; 1% risk of failure)
Confirm with . or Enter, or press ? or * to list all spells.
Aiming: Freeze (safe; 1% risk of failure)
Press: ? - help, Shift-Dir - straight line, f/p - necrophage
Aim: a necrophage (moderately damaged)
You freeze the necrophage.
The necrophage completely resists.
The necrophage is moderately damaged.
The necrophage hits you but does no damage.
Casting: Freeze (safe; 1% risk of failure)
Confirm with . or Enter, or press ? or * to list all spells.
Aiming: Freeze (safe; 1% risk of failure)
Press: ? - help, Shift-Dir - straight line, f/p - necrophage
Aim: a necrophage (moderately damaged)
You freeze the necrophage.
The necrophage completely resists.
The necrophage is moderately damaged.
The necrophage closely misses you.
Casting: Freeze (safe; 1% risk of failure)
Confirm with . or Enter, or press ? or * to list all spells.
Aiming: Freeze (safe; 1% risk of failure)
Press: ? - help, Shift-Dir - straight line, f/p - necrophage
Aim: a necrophage (moderately damaged)
You freeze the necrophage.
The necrophage resists.
The necrophage is heavily damaged.
The necrophage hits you but does no damage.
Casting: Freeze (safe; 1% risk of failure)
Confirm with . or Enter, or press ? or * to list all spells.
Aiming: Freeze (safe; 1% risk of failure)
Press: ? - help, Shift-Dir - straight line, f/p - necrophage
Aim: a necrophage (heavily damaged)
You freeze the necrophage.
The necrophage resists.
The necrophage is heavily damaged.
The necrophage barely misses you.
Casting: Freeze (safe; 1% risk of failure)
Confirm with . or Enter, or press ? or * to list all spells.
Aiming: Freeze (safe; 1% risk of failure)
Press: ? - help, Shift-Dir - straight line, f/p - necrophage
Aim: a necrophage (heavily damaged)
You freeze the necrophage.
The necrophage completely resists.
The necrophage is heavily damaged.
The necrophage barely misses you.
Casting: Freeze (safe; 1% risk of failure)
Confirm with . or Enter, or press ? or * to list all spells.
Aiming: Freeze (safe; 1% risk of failure)
Press: ? - help, Shift-Dir - straight line, f/p - necrophage
Aim: a necrophage (heavily damaged)
You freeze the necrophage.
The necrophage resists.
The necrophage is severely damaged.
The necrophage barely misses you.
You hit the necrophage.
The necrophage is almost destroyed.
The necrophage barely misses you.
You hit the necrophage.
You destroy the necrophage!
Vehumet accepts your kill.
You closely miss the small abomination.
The small abomination closely misses you.
The small abomination barely misses you.
You hit the small abomination but do no damage.
The small abomination hits you.
* * * LOW HITPOINT WARNING * * *
The small abomination misses you.
You closely miss the small abomination. The small abomination hits you.
* * * LOW HITPOINT WARNING * * *
You hit the small abomination.
The small abomination is lightly damaged.
The small abomination hits you!
You die...

####.#######
......x@...#
####.#####.#
#.# #.# ...
..# ...#
.#.. .###D


You could see a small abomination.

Vanquished Creatures
  Prince Ribbit (D:6)
  A hippogriff (D:8)
  A spriggan (D:7)
  The ghost of Tiareth the Digger, an amateur TrEE (D:5)
  The ghost of Rhok the Grave Robber, an amateur DrNe (D:4)
  3 orc warriors
  A black bear (D:7)
  2 necrophages
  A centaur (D:6)
  2 ogres
  2 bullfrogs
  2 big kobolds (D:9)
  11 killer bees
  A jelly (D:5)
  5 howler monkeys
  6 crimson imps
  A centaur zombie (D:6)
  6 hounds
  2 orc priests
  4 bullfrog skeletons
  2 centaur skeletons
  7 orc wizards
  Jessica (D:3)
  2 iguanas
  8 worker ants
  Ijyb (D:3)
  3 worker ant zombies
  Robin (D:3)
  3 gnolls
  A howler monkey skeleton (D:4)
  12 adders
  3 adder zombies
  4 worms
  3 dart slugs
  3 leopard geckos
  29 orcs
  7 giant cockroaches
  19 goblins
  7 hobgoblins
  11 jackals
  13 kobolds
  2 quokkas
  3 bats
  3 frilled lizards
  A quokka skeleton (D:8)
  A quokka zombie (D:5)
  5 rats
209 creatures vanquished.

Vanquished Creatures (collateral kills)
  A two-headed ogre (D:8)
  A bullfrog (D:9)
  A wyvern skeleton (D:9)
  A hound (D:9)
  A kobold (D:9)
5 creatures vanquished.

Grand Total: 214 creatures vanquished

Notes
Turn   | Place    | Note
-------+----------+-------------------------------------------
     0 | D:1      | Mgcat the Mummy Ice Elementalist began the quest for the Orb.
     0 | D:1      | Reached XP level 1. HP: 13/13 MP: 4/4
   116 | D:1      | Reached skill level 3 in Spellcasting
   224 | D:1      | Reached XP level 2. HP: 18/19 MP: 4/6
   228 | D:1      | Learned a level 2 spell: Throw Frost
   598 | D:1      | Reached skill level 1 in Conjurations
  1181 | D:2      | Reached XP level 3. HP: 16/24 MP: 0/8
  1186 | D:2      | Learned a level 3 spell: Ozocubu's Armour
  1352 | D:2      | Found a shimmering altar of Xom.
  1353 | D:2      | Noticed an angel
  1355 | D:2      | Found a glowing silver altar of Zin.
  1371 | D:2      | Reached skill level 3 in Ice Magic
  1595 | D:2      | Reached XP level 4. HP: 26/30 MP: 0/9
  1621 | D:2      | Learned a level 4 spell: Throw Icicle
  1885 | D:3      | Noticed Robin
  1968 | D:3      | Reached skill level 4 in Spellcasting
  1980 | D:3      | HP: 1/30 [orc priest/divine providence (9)]
  2308 | D:3      | Killed Robin
  2623 | D:3      | Reached skill level 2 in Conjurations
  2623 | D:3      | Reached XP level 5. HP: 14/35 MP: 0/11
  2684 | D:3      | Noticed Ijyb
  2817 | D:3      | Killed Ijyb
  2817 | D:3      | Reached skill level 1 in Charms
  3093 | D:3      | Noticed Jessica
  3100 | D:3      | Killed Jessica
  3652 | D:4      | Noticed Rhok's ghost (amateur DrNe)
  3653 | D:4      | Reached XP level 6. HP: 41/41 MP: 0/13
  3801 | D:4      | Killed Rhok's ghost
  3801 | D:4      | Reached skill level 5 in Spellcasting
  3882 | D:4      | Reached skill level 2 in Charms
  3970 | D:4      | Reached skill level 4 in Ice Magic
  4423 | D:4      | Reached skill level 3 in Conjurations
  4423 | D:4      | Reached XP level 7. HP: 44/46 MP: 2/15
  4949 | D:4      | Found a staircase to the Ecumenical Temple.
  4957 | Temple   | Entered the Ecumenical Temple
  4968 | Temple   | Became a worshipper of Vehumet
  5255 | D:5      | Entered Level 5 of the Dungeon
  5338 | D:5      | Reached skill level 6 in Spellcasting
  5348 | D:5      | Noticed Tiareth's ghost (amateur TrEE)
  5466 | D:5      | Killed Tiareth's ghost
  5466 | D:5      | Reached skill level 3 in Charms
  5765 | D:5      | Reached XP level 8. HP: 20/52 MP: 2/17
  6381 | D:4      | Reached skill level 4 in Conjurations
  6583 | D:5      | Reached skill level 5 in Ice Magic
  6715 | D:5      | Learned a level 4 spell: Summon Ice Beast
  6722 | D:5      | Reached skill level 7 in Spellcasting
  7027 | D:5      | Found a shimmering altar of Xom.
  7279 | D:6      | Reached * piety under Vehumet
  7279 | D:6      | Offered knowledge of Magic Dart by Vehumet.
  7422 | D:6      | Reached skill level 5 in Conjurations
  7520 | D:6      | Reached skill level 6 in Ice Magic
  7624 | D:6      | Noticed Prince Ribbit
  7639 | D:6      | HP: 13/52 [Prince Ribbit (13)]
  7953 | D:6      | Reached XP level 9. HP: 57/57 MP: 0/19
  8059 | D:6      | Killed Prince Ribbit
  8267 | D:6      | Reached skill level 6 in Conjurations
  8568 | D:7      | Reached skill level 7 in Ice Magic
  8616 | D:7      | Offered knowledge of Flame Tongue by Vehumet.
  8638 | D:7      | Reached ** piety under Vehumet
  9028 | D:7      | Found a bloodstained altar of Trog.
  9315 | D:8      | Reached skill level 7 in Conjurations
  9395 | D:8      | Noticed a two-headed ogre
  9534 | D:8      | Reached skill level 1 in Summonings
  9875 | D:8      | Learned a level 1 spell: Flame Tongue
  9979 | D:8      | Killed a two-headed ogre
  9979 | D:8      | Reached skill level 2 in Summonings
  9979 | D:8      | Reached skill level 8 in Ice Magic
  9979 | D:8      | Reached XP level 10. HP: 63/63 MP: 1/20
 10122 | D:9      | Offered knowledge of Conjure Flame by Vehumet.
 10172 | D:9      | Learned a level 3 spell: Conjure Flame
 10287 | D:9      | HP: 13/63 [small abomination[miscasting Summon Ice Beast] (10)]
 10289 | D:9      | HP: 3/63 [small abomination[miscasting Summon Ice Beast] (6)]
 10297 | D:9      | Noticed a seven-headed hydra
 10337 | D:9      | HP: 10/63 [necrophage (3)]
 10349 | D:9      | HP: 6/63 [small abomination[miscasting Summon Ice Beast] (6)]
 10351 | D:9      | Slain by a small abomination

Vault maps used:
D:1:      grunt_arrival_crossed_arrows
D:2:      grunt_temple_overflow_order_and_chaos_1, minmay_misc_feat_four_crosses
D:3:      uniq_robin, uniq_jessica, uniq_ijyb
D:4:      minmay_temple_entry_glassed_door, first_ration,
          kennysheep_another_room
D:5:      minmay_diamond_boxcup, led_xom_imps
D:6:      uniq_prince_ribbit1
D:7:      kennysheep_little_box, the_bakery, lightli_minifort
D:9:      nicolae_overflow_hidden_temple, marbit_many_paths,
          makhleb_altar_promises_db, kennysheep_generic_room_10
Temple:   lightli_temple_of_artemis

Skill      XL: |  1  2  3  4  5  6  7  8  9 |
---------------+----------------------------+-----
Spellcasting   | 3 4 5 6 7 |  7.0
Conjurations   | 1 2 3 5 7 |  7.6
Ice Magic      | 3 4 6 8 |  8.2
Charms         | 1 2 3 |  3.0
Summonings     | 2 |  2.5
Dodging        | |  1.5
Stealth        | |  1.5

Action                   |  1- 3 |  4- 6 |  7- 9 | 10-12 || total
-------------------------+-------+-------+-------+-------++-------
Melee: Mace              |     1 |     7 |       |       ||     8
       Club              |       |    23 |    85 |     7 ||   115
 Cast: Freeze            |    59 |   130 |   184 |    36 ||   409
       Throw Frost       |     6 |    25 |   151 |     3 ||   185
       Ozocubu's Armour  |       |     7 |    25 |     5 ||    37
       Throw Icicle      |       |       |    37 |       ||    37
       Summon Ice Beast  |       |       |     4 |     5 ||     9
  Use: Scroll            |       |       |     1 |     9 ||    10
Armor: Robe              |    15 |    44 |   119 |    10 ||   188
Dodge: Dodged            |    37 |   105 |   188 |    27 ||   357

Table legend:
 A = Spawn XP
 B = Non-spawn XP
 C = Spawn XP percentage of total XP
 D = Spawn monster count
 E = Non-spawn monster count
 F = Spawn count percentage of total count
 G = Total turns spent on level
                    A         B        C        D         E        F      G
               +---------+---------+-------+---------+---------+-------+---------
         Total |       0 |    6610 |   0.0 |       0 |     214 |   0.0 | 10351
               +---------+---------+-------+---------+---------+-------+---------
           D:1 |       0 |      35 |   0.0 |       0 |      19 |   0.0 |  1213
           D:2 |       0 |      78 |   0.0 |       0 |      20 |   0.0 |  1302
           D:3 |       0 |     228 |   0.0 |       0 |      39 |   0.0 |  1491
           D:4 |       0 |     766 |   0.0 |       0 |      33 |   0.0 |  2029
           D:5 |       0 |     829 |   0.0 |       0 |      23 |   0.0 |  1206
           D:6 |       0 |    1333 |   0.0 |       0 |      22 |   0.0 |  1105
           D:7 |       0 |    1017 |   0.0 |       0 |      16 |   0.0 |   886
           D:8 |       0 |    1835 |   0.0 |       0 |      28 |   0.0 |   809
           D:9 |       0 |     489 |   0.0 |       0 |      14 |   0.0 |   253
               +---------+---------+-------+---------+---------+-------+---------

Vault maps used:
D:1:      grunt_arrival_crossed_arrows
D:2:      grunt_temple_overflow_order_and_chaos_1, minmay_misc_feat_four_crosses
D:3:      uniq_robin, uniq_jessica, uniq_ijyb
D:4:      minmay_temple_entry_glassed_door, first_ration,
          kennysheep_another_room
D:5:      minmay_diamond_boxcup, led_xom_imps
D:6:      uniq_prince_ribbit1
D:7:      kennysheep_little_box, the_bakery, lightli_minifort
D:9:      nicolae_overflow_hidden_temple, marbit_many_paths,
          makhleb_altar_promises_db, kennysheep_generic_room_10
Temple:   lightli_temple_of_artemis

Table legend:
 A = Turns spent in this place as a percentage of turns spent in the entire game.
 B = Non-inter-level travel turns spent in this place as a percentage of non-inter-level travel turns spent in the entire game.
 C = Inter-level travel turns spent in this place as a percentage of turns spent in this place.
 D = Turns resting spent in this place as a percentage of non-inter-level travel turns spent in this place.
 E = Turns spent auto-exploring this place as a percentage of non-inter-level travel turns spent in this place.
 F = Non-inter-level travel turns spent in this place divided by the number of levels of this place that you've seen.
                   A       B       C       D       E      F
               +-------+-------+-------+-------+-------+----------------------
         Total | 100.0 | 100.0 |   3.2 |  10.4 |  71.3 | 1001.7
       Dungeon |  99.4 |  99.5 |   3.1 |  10.5 |  71.3 | 1107.8
        Temple |   0.6 |   0.5 |  17.5 |   0.0 |  72.3 |  47.0
               +-------+-------+-------+-------+-------+----------------------

Table legend:
 A = Kills in this place as a percentage of kills in entire the game.
 B = Kills by you in this place as a percentage of kills by you in the entire game.
 C = Kills by friends in this place as a percentage of kills by friends in the entire game.
 D = Other kills in this place as a percentage of other kills in the entire game.
 E = Experience gained in this place as a percentage of experience gained in the entire game.
 F = Experience gained in this place divided by the number of levels of this place that you have seen.
                   A       B       C       D       E      F
               +-------+-------+-------+-------+-------+----------------------
         Total | 100.0 | 100.0 | 100.0 |   N/A | 100.0 | 661.0
       Dungeon | 100.0 | 100.0 | 100.0 |   N/A | 100.0 | 734.4
               +-------+-------+-------+-------+-------+----------------------
